 BcadrenCrawl: Boulder Brew version 0.04.2-15-ge27eb88979 (webtiles) character file.

Game seed: 3501850176757241438, levelgen mode: deterministic

9522 diana the Spry (level 11, -14/63 (66) HPs) Kobold Gladiator. Began on May 15, 2021. Demolished by a white ugly thing (34 damage) ... on level 6 of the Dungeon. The game lasted 00:16:55 (7033 turns).

diana the Spry (Kobold Gladiator)                   Turns: 7033, Time: 00:16:55

HP:   -14/63 (66)   AC: 11    Str: 13    XL:     11 ^: 1845
MP:   12/12         EV: 28    Int:  9    God:
Gold: 566           SH:  0    Dex: 19    Spells: 8/10 levels left

rFire    . . .     Vision   .   a - +0 rapier
rCold    . . .     Gourm    .   (weapon restricted)
rNeg     . . .     Faith    .   k - +0 troll leather {Purgy}
rPois    .         Spirit   .   c - +0 helmet
rElec    .         Reflect  .   m - +0 cloak
rCorr    +         Harm     .   (no gloves)
MR       .....                  (no boots)
Stlth    +.........             (no amulet)
HPRegen  0.71/turn              i - ring of protection
MPRegen  0.22/turn              b - ring of resist corrosion

@: studying Poison Magic
A: small, carnivore
a: no special abilities


You were on level 6 of the Dungeon.
You were not hungry.

You visited 2 branches of the dungeon, and saw 7 of its levels.

You collected 566 gold pieces.

Inventory:

Weapons
 a - a +0 rapier (weapon)
 p - a +3 dagger
Armour
 c - a +0 helmet (worn)
 k - a +0 troll leather (worn) {Purgy}
 m - a +0 cloak (worn)
Jewellery
 b - a ring of resist corrosion (right hand)
 i - a ring of protection (left hand)
 n - an uncursed ring of stealth
Wands
 d - a wand of ensnaring (11)
 s - a wand of flame (1)
 y - a wand of iceblast (10)
Scrolls
 e - 3 scrolls of teleportation
 h - 3 scrolls of amnesia
 j - 6 scrolls of enchantment
 l - 4 scrolls of magic mapping
 w - a scroll of holy word
Potions
 g - 2 potions of heal wounds
 o - a potion of haste
 q - 2 potions of curing
 r - 2 potions of brilliance
 u - a potion of cure mutation
 v - a potion of cancellation
 x - 2 potions of agility
Comestibles
 f - 21 rations


   Skills:
 + Level 6.8 Fighting
 + Level 12.0 Short Blades
 - Level 3.0 Armour
 - Level 15.0 Dodging
 - Level 2.1 Evocations


You had 8 spell levels left.
You knew the following spells:

 Your Spells              Type           Power        Failure   Level  Hunger
a - Passwall              Tmut/Erth      0 (120)      56%         2    ###....

Your spell library contained the following spells:

 Spells                   Type           Power        Failure   Level  Hunger
 Poisonous Vapours        Pois/Air       0 (50)       41%         1    ##.....
 Sandblast                Erth           0 (50)       41%         1    ##.....
 Sublimation of Blood     Necr           0 (200)      56%         2    ###....
 Conjure Flame            Fire           0 (100)      80%         3    ####...
 Ignite Poison            Fire/Tmut      0 (100)      80%         3    ####...
 Mephitic Cloud           Pois/Air       0 (100)      80%         3    ####...
 Stone Arrow              Erth           0 (50)       80%         3    ####...
 Petrify                  Tmut/Erth      0 (100)      99%         4    #####..
 Still Winds              Hex/Air        0 (200)      99%         4    #####..
 Irradiate                Tmut/Pois      0 (200)      100%        5    ######.
 Lee's Rapid Deconstruct  Erth           0 (200)      100%        5    ######.
 Methodical Deconstructi  Erth           0 (200)      100%        5    ######.
 Eringya's Noxious Bog    Tmut/Pois      0 (200)      100%        6    #######
 Freezing Cloud           Ice/Air        0 (200)      100%        6    #######
 Ring of Flames           Chrm/Fire      0 (200)      100%        6    #######


Dungeon Overview and Level Annotations

Branches:
Dungeon (6/8)              Temple (1/1) D:4            Lair (0/6) D:5
    Orc (0/2) D:6

Altars:
Ashenzari
Cheibriados
Dithmenos
Elyvilon
Fedhas Madash
Gozag Ym Sagoz
Hepliaklqana
Kikubaaqudgha
Makhleb
Nemelex Xobeh
Qazlal
Ru
Sif Muna
Trog
Uskayaw
Wu Jian
Xom
Zin
The Shining One

Shops:
D:2 [   D:6 *

Annotations:
D:6 3 runed translucent doors


Innate Abilities, Weirdness & Mutations

You are small and have problems with some larger weapons.
You are carnivorous and can eat meat at any time.


Message History

You are too injured to fight recklessly!
You are too injured to fight recklessly!
You are too injured to fight recklessly!
You are too injured to fight recklessly!
You are too injured to fight recklessly!
You are too injured to fight recklessly!
You are too injured to fight recklessly!
You are too injured to fight recklessly!
You are too injured to fight recklessly!
You are too injured to fight recklessly!
You are too injured to fight recklessly!
You are too injured to fight recklessly!
You are too injured to fight recklessly!
You are too injured to fight recklessly!
You are too injured to fight recklessly!
You hit the white ugly thing (5). You hit the white ugly thing (2).
The white ugly thing is moderately wounded. (47/65) HP The white ugly thing bites you (12)!
The white ugly thing freezes you (34)!!
Ouch! That really hurt!
You die...

#............... .............
#..............# #...........
#..............# #...........
###......#######.# #...........
.........#.....#.# #...##.....≈
..######.#.....#.# #...#..##≈..
..#....#.#.....#.# #...#..≈#≈.^
..#....#.#.....#u# #...#≈^^#^..
..#....#.'.....#@# #.....≈≈≈..≈
..#....#.#.....#.#####........._.
..#....#.#.....#.........#...§..^
..#....#.#.....#...........###≈.≈
..#)...#.#.....#.....∩.....#§.≈..
..#''###.#######............##..≈
.............................≈...
..............###########........
####..........# #........


You could see a white ugly thing.

Vanquished Creatures
  An unseen horror (D:6)
  A centaur warrior (D:5)
  Maurice (D:6)
  A troll (D:6)
  Prince Ribbit (D:2)
  3 hippogriffs
  A wyvern (D:5)
  3 yaks (D:5)
  3 wargs (D:6)
  A slime creature (D:2)
  2 guardian mummies (D:3)
  Purgy (D:2)
  2 phantoms (D:5)
  4 orc warriors
  4 scorpions
  An ice beast (D:5)
  2 sky beasts
  3 porcupines (D:5)
  3 black bears (D:5)
  4 ogres
  3 crocodiles (D:2)
  A big kobold (D:2)
  8 bullfrogs
  A meliai zombie (D:4)
  A gnoll sergeant (D:5)
  3 centaurs
  A howler monkey (D:3)
  2 quasits
  A hornet zombie (D:5)
  6 orc priests
  4 hounds
  8 jellies
  4 orc wizards
  A water moccasin zombie (D:5)
  5 worker ants (D:3)
  21 giant cockroaches
  2 iron imps
  4 bullfrog zombies
  A porcupine zombie (D:3)
  3 bullfrog skeletons
  10 adders
  4 gnolls (D:5)
  94 sewer rats
  A white imp (D:4)
  15 cinder newts
  3 worms
  A giant cockroach zombie (D:3)
  A howler monkey zombie (D:3)
  18 oozes
  2 worker ant zombies (D:3)
  A hound skeleton (D:3)
  3 dart slugs
  6 leopard geckos
  12 orcs
  4 adder skeletons
  An adder zombie (D:5)
  3 ball pythons
  6 bats
  3 cinder newt skeletons (D:2)
  3 goblins (D:1)
  7 hobgoblins (D:1)
  3 jackals (D:5)
  A quokka (D:6)
  2 ball python skeletons (D:2)
  2 ball python zombies (D:3)
  A bat skeleton (D:2)
  2 goblin skeletons (D:2)
  A jackal skeleton (D:3)
  2 jackal zombies (D:3)
  5 kobolds
  A kobold skeleton (D:2)
  2 leopard gecko skeletons
  An orc skeleton (D:2)
  5 rats (D:1)
  A butterfly (D:3)
  3 giant blowflies (D:2)
  4 withered plants (D:2)
356 creatures vanquished.

Vanquished Creatures (others)
  4 giant cockroaches (D:2)
  A sewer rat (D:2)
  A rat (D:2)
  10 fungi (D:5)
  2 giant blowflies (D:2)
  13 plants (D:5)
  3 slimeheads (D:2)
  51 withered plants (D:2)
85 creatures vanquished.

Grand Total: 441 creatures vanquished

Notes
Turn   | Place    | Note
-------+----------+-------------------------------------------
     0 | D:1      | diana the Kobold Gladiator began the quest for the Orb.
     0 | D:1      | Reached XP level 1. HP: 12/12 MP: 2/2
    17 | D:1      | Reached skill level 4 in Dodging
    17 | D:1      | Reached XP level 2. HP: 16/17 MP: 3/3
    64 | D:1      | Reached XP level 3. HP: 21/21 MP: 4/4
   184 | D:1      | Reached skill level 5 in Dodging
   184 | D:1      | Reached XP level 4. HP: 26/26 MP: 5/5
   453 | D:1      | Reached XP level 5. HP: 29/30 MP: 6/6
   740 | D:1      | Reached skill level 6 in Dodging
   847 | D:2      | Reached skill level 5 in Short Blades
   862 | D:2      | Reached XP level 6. HP: 28/35 MP: 7/7
   886 | D:1      | Reached skill level 1 in Armour
   935 | D:2      | Reached skill level 7 in Dodging
   967 | D:2      | Reached XP level 7. HP: 29/40 MP: 8/8
  1087 | D:2      | Noticed Purgy
  1113 | D:2      | Killed Purgy
  1113 | D:2      | Reached skill level 8 in Dodging
  1113 | D:2      | Reached XP level 8. HP: 38/44 MP: 9/9
  1572 | D:2      | Reached skill level 9 in Dodging
  1676 | D:2      | Found Unib's Armour Emporium.
  1959 | D:2      | Found an ornate altar of the Wu Jian Council.
  1990 | D:2      | Reached skill level 10 in Dodging
  2001 | D:2      | Reached XP level 9. HP: 48/48 MP: 10/10
  2637 | D:2      | Reached skill level 11 in Dodging
  2643 | D:2      | Noticed Prince Ribbit
  2653 | D:2      | Killed Prince Ribbit
  3169 | D:3      | Connectivity tunneler affected ossuary_tomb_1.
  3206 | D:3      | Reached skill level 12 in Dodging
  3365 | D:3      | Reached XP level 10. HP: 53/53 MP: 11/11
  4259 | D:4      | Reached skill level 13 in Dodging
  4328 | D:3      | Reached skill level 10 in Short Blades
  4595 | D:4      | Found a staircase to the Ecumenical Temple.
  4686 | Temple   | Entered the Ecumenical Temple
  4989 | D:4      | Found a hide-covered altar of Uskayaw.
  5209 | D:5      | Entered Level 5 of the Dungeon
  5378 | D:5      | Noticed a centaur warrior
  5397 | D:5      | Killed a centaur warrior
  5397 | D:5      | Reached skill level 14 in Dodging
  5397 | D:5      | Reached XP level 11. HP: 19/58 MP: 12/12
  5820 | D:5      | Reached skill level 5 in Fighting
  6007 | D:5      | Learned a level 2 spell: Passwall
  6078 | D:5      | Reached skill level 15 in Dodging
  6079 | D:5      | Found a staircase to the Lair.
  6419 | D:6      | Noticed Maurice
  6441 | D:6      | Killed Maurice
  6470 | D:6      | Found a staircase to the Orcish Mines.
  6509 | D:6      | Found a runed translucent gate.
  6509 | D:6      | Found a runed translucent gate.
  6510 | D:6      | Found a runed translucent gate.
  6702 | D:6      | Found a stormy altar of Qazlal.
  6781 | D:6      | Found Livavusch's Assorted Antiques.
  6922 | D:6      | Killed an unseen horror
  7033 | D:6      | Demolished by a white ugly thing

Levels and vault maps discovered:
D:1:      lemuel_arrival_lava_pool, layout_loops_ring, supply_closet_lemuel
D:2:      layout_sewer, bcadren_lemuel_inverted_doored_altar, sewer_frog_spiral,
          serial_shops, nicolae_shop_statue_plus, uniq_purgy
D:3:      layout_rooms, first_ration, ossuary_tomb_1
D:4:      layout_rooms, minmay_temple_entry_statues_fountains, basic_altar
D:5:      layout_basic, grunt_lair_entry_orc_guard_hut
D:6:      miniossuary_kennysheep_ghosthouse, layout_irregular_city,
          grunt_qazlal_sundering, minmay_orc_entry_guard_dogs, serial_shops,
          shop, uniq_maurice
Temple:   regret_index_temple_sphere_string

Skill      XL: |  1  2  3  4  5  6  7  8  9 10 11 |
---------------+----------------------------------+-----
Dodging        | 4 5 6 7 8 10 12 14 15 | 15.0
Short Blades   | 4 5 6 7 9 10 12 | 12.0
Armour         | 1 2 3 |  3.0
Fighting       | 4 6 |  6.8
Evocations     | |  2.1

Action                   |  1- 3 |  4- 6 |  7- 9 | 10-12 || total
-------------------------+-------+-------+-------+-------++-------
Melee: Rapier            |    28 |   143 |   576 |   509 ||  1256
       Unarmed           |    19 |   104 |   414 |   413 ||   950
  Use: Scroll            |       |       |       |     1 ||     1
 Stab: Sleeping          |     1 |     1 |       |     1 ||     3
       Distracted        |       |       |       |     2 ||     2
  Eat: Chunk             |       |       |    11 |    13 ||    24
       Ration            |       |       |       |     1 ||     1
Armor: Leather armour    |     5 |    37 |    21 |       ||    63
       Troll leather     |       |       |    47 |    72 ||   119
Dodge: Dodged            |    20 |   250 |   643 |   478 ||  1391
